Map: Kairos Junction LE

Players

ShoWTimE - Winner!

  • Race: Protoss Protoss
  • Spawn Location: 11:00

Clem

  • Race: Terran Terran
  • Spawn Location: 5:00

Event: 2019 WCS Spring

VOD

Have the link to the VOD?

Description

Time

  • Played on: May 18, 2019, 1:16 p.m.
  • Length: 5:51

All games in this series

Show
View Real Time Build Order
Export as new Build Order

ShoWTimE Protoss - Winner!

Build Orders:  

Get SALT Encoding   

  12  0:00  Probe  
  13  0:12  Probe  
  14  0:17  Pylon  
  14  0:24  Probe  
  15  0:32  Probe  
  15  0:38  Gateway  
  15  0:40  Probe  
  16  0:46  Assimilator  
  17  0:51  Probe  
  18  1:03  Probe  
  19  1:15  Probe  
  20  1:20  Zealot  
  20  1:25  Cybernetics Core  
  20  1:31  Probe, Pylon  
  23  1:36  Assimilator  
  23  1:47  Zealot  
  23  1:49  Probe  
  26  2:03  Shield Battery  
  26  2:06  Stalker  
  26  2:07  Probe  
  28  2:19  Probe  
  29  2:27  Pylon  
  29  2:30  Warp Gate  
  29  2:33  Probe  
  30  2:45  Stalker  
  30  2:46  Probe  
  33  2:59  Nexus  
  33  3:01  Probe  
  34  3:11  Robotics Facility  
  34  3:18  Probe  
  35  3:27  Pylon  
  35  3:30  Probe  
  36  3:42  Probe  
  36  3:45  Gateway  
  37  3:54  Probe  
  37  3:55  Gateway  
  38  3:59  Warp Prism  
  34  4:06  Probe  
  35  4:11  Probe  
  36  4:19  Stalker  
  36  4:20  Probe, Pylon  
  39  4:25  Probe  
  40  4:31  Observer  
  40  4:32  Shield Battery  
  43  4:43  Shield Battery  
  43  4:45  Stalker x2  
  44  4:46  Immortal  
  44  4:58  Stalker  
  50  5:13  Stalker x2  
  52  5:22  Shield Battery  
  52  5:28  Stalker  
  58  5:41  Zealot x2  
Show
View Real Time Build Order
Export as new Build Order

Clem Terran 

Build Orders:  

Get SALT Encoding   

  12  0:00  SCV  
  13  0:12  SCV  
  14  0:18  Supply Depot  
  14  0:25  SCV  
  15  0:40  Barracks  
  15  0:52  Barracks  
  15  0:54  SCV  
  16  0:59  Refinery  
  16  1:06  SCV  
  17  1:21  Refinery  
  18  1:27  Orbital Command, Marine  
  18  1:38  Marine  
  19  1:41  Bunker  
  19  1:46  Marine  
  20  1:58  Marine  
  21  2:06  Marine  
  22  2:10  Factory  
  22  2:16  Marine  
  21  2:24  SCV  
  21  2:27  Marine  
  23  2:34  Bunker  
  23  2:42  SCV  
  23  2:43  Supply Depot  
  22  2:53  Factory Tech Lab  
  22  2:54  Starport  
  22  2:55  SCV  
  22  3:11  SCV  
  22  3:13  Cyclone  
  22  3:18  Marine x2  
  27  3:23  SCV  
  27  3:24  Supply Depot  
  28  3:31  Starport Tech Lab  
  27  3:36  SCV, Marine x2  
  29  3:50  Siege Tank  
  29  3:51  Supply Depot  
  31  4:01  Marine  
  29  4:12  Banshee  
  29  4:14  Marine  
  33  4:19  Marine  
  34  4:28  Siege Tank  
  37  4:35  Marine  
  37  4:37  Marine  
  39  4:44  Supply Depot  
  39  4:55  Banshee  
  42  5:05  Siege Tank  
  45  5:10  Marine  
  43  5:16  Marine  
  44  5:25  Supply Depot  
Tags
 
Add a new tag
Caveats
  • Supply blocks, unpowered buildings, or Contaminate may cause inaccurate times.
  • Supply counts are checked every 10 seconds.